 Dungeon Crawl Stone Soup version 0.31.0-12-g77e489cdc1 (webtiles) character file.

Game seed: 14676390765551399311

129 ChrisAssaf the Apothecary (level 4, 0/35 HPs)
             Began as a Draconian Alchemist on Feb 17, 2024.
             Succumbed to an adder's poison
             ... in a sewer.
             The game lasted 00:05:08 (889 turns).

ChrisAssaf the Apothecary (Draconian Alchemist)      Turns: 889, Time: 00:05:09

Health: 0/35       AC:  5    Str: 12    XL:     4   Next: 88%
Magic:  1/7        EV: 12    Int: 12    God:
Gold:   79         SH:  0    Dex: 11    Spells: 1/7 levels left

rFire   . . .        d - +4 hand axe
rCold   . . .        (no shield)
rNeg    . . .        (body armour unavailable)
rPois   .            (helmet restricted)
rElec   .            (no cloak)
rCorr   .            (no gloves)
SInv    .            (no boots)
Will    .....        (no amulet)
Stlth   ++           (no ring)
HPRegen 0.25/turn    (no ring)
MPRegen 0.10/turn

%: no passive effects
@: mighty, lethally poisoned (0 -> -1), attractive, hasted, very quick
A: AC +5, unfitting armour, cold-blooded, dopey 2, MP-powered wands
a: no special abilities


You were in a sewer.
You visited 1 branch of the dungeon, and saw 4 of its levels.
You also visited: Sewer.

You collected 79 gold pieces.

Inventory:

Hand Weapons
 d - a +4 hand axe (weapon)
Missiles
 a - a boomerang (quivered)
Potions
 b - a potion of attraction


   Skills:
 * Level 1.0 Fighting
 * Level 1.0 Axes
 * Level 1.1 Throwing
 * Level 2.3 Dodging
 * Level 2.2 Stealth
 * Level 2.4 Spellcasting
 * Level 1.5 Conjurations
 * Level 0.8 Air Magic
 * Level 3.7 Alchemy


You had one spell level left.
You knew the following spells:

 Your Spells              Type           Power      Damage    Failure   Level
a - Sting                 Conj/Alch      28%        1d4       9%          1
b - Mercury Vapours       Alch/Air       12%        N/A       16%         2
c - Mephitic Cloud        Conj/Alch/Air  6%         N/A       34%         3

Your spell library contained the following spells:

 Spells                   Type           Power      Damage    Failure   Level
 Olgreb's Toxic Radiance  Alch           10%        N/A       50%         4
 Sticky Flame             Fire/Alch      5%         2d4       77%         4


Dungeon Overview and Level Annotations

Branches:
Dungeon (4/15)              Sewer (1/1)
 Temple: D:4-7

Altars:


Innate Abilities, Weirdness & Mutations

Your plain brown scales are hard. (AC +5)
You cannot fit into any form of body armour.
You are cold-blooded and may be slowed by cold attacks.
You are very dopey. (Int -4)
You expend magic power (3 MP) to strengthen your wands.


Message History

You feel your magical essence link to the dungeon's wands.
You feel stupid.
You feel sick. The adder closely misses you.
The kobold brigand hits you with a +0 dagger.
* * * LOW HITPOINT WARNING * * *
The adder barely misses you.
It was a potion of might.
You feel very mighty all of a sudden.
You feel sick.
The kobold brigand hits you but does no damage.
The adder bites you but does no damage.
You miss the adder.
The adder is severely wounded.
You closely miss the kobold brigand.
* * * LOW HITPOINT WARNING * * *
You feel sick.
The adder is no longer weakened.
You kill the adder!
The kobold brigand hits you but does no damage.
It was a potion of haste.
You feel yourself speed up.
You feel sick.
The kobold brigand hits you with a +0 dagger.
* * * LOW HITPOINT WARNING * * *
Unknown command.
You barely miss the kobold brigand.
Your tail-slap misses the kobold brigand.
The kobold brigand is heavily wounded.
The kobold brigand hits you but does no damage.
You hit the kobold brigand.
The kobold brigand is severely wounded.
Your attacks no longer feel as feeble.
* * * LOW HITPOINT WARNING * * *
You feel sick.
The kobold brigand hits you with a +0 dagger.
* * * LOW HITPOINT WARNING * * *
Casting: Mercury Vapours (safe; 16% risk of failure)
Confirm with . or Enter, or press ? or * to list all spells.
Aiming: Sting (safe; 9% risk of failure)
Press: ? - help, Shift-Dir - straight line, f - kobold brigand
Aim: a kobold brigand, wielding a +0 dagger and quivering poisoned darts (severely wounded, poisoned, weak, 60% to hit)
The sting misses the kobold brigand.
You die...

#### #########
###.P.###..P~...###
..P.....#.~PP...≈≈##
#~P~.~K@.~.P~..≈≈≈##
#..~....~~#~#...≈≈≈##
#.......~~#~#.∩.≈≈≈≈##
######~~~##†#.∩.≈≈≈≈≈#
~~~..##~#....≈≈≈##
###~.###~#..######
.~## #~#PP~ ..~#
#~##P## #~##~~


You could see a kobold brigand (poisoned, weak).

Vanquished Creatures
  A bombardier beetle (D:3)
  3 gnolls (D:2)
  3 adders
  A dart slug (D:1)
  2 endoplasms
  7 giant cockroaches
  2 hobgoblins
  A kobold (D:2)
  4 quokkas
  2 ball pythons
  6 bats
  A frilled lizard (D:3)
  3 goblins
  2 rats
38 creatures vanquished.

Notes
Turn   | Place    | Note
-------+----------+-------------------------------------------
     0 | D:1      | ChrisAssaf the Draconian Alchemist began the quest for the
                  | Orb.
     0 | D:1      | Reached XP level 1. HP: 14/14 MP: 3/3
   135 | D:1      | Reached XP level 2. HP: 19/20 MP: 3/5
   147 | D:1      | Learned a level 2 spell: Mercury Vapours
   495 | D:2      | Reached XP level 3. HP: 27/27 MP: 6/6
   499 | D:2      | Learned a level 3 spell: Mephitic Cloud
   685 | D:3      | Noticed a kobold brigand
   685 | D:3      | Noticed a kobold brigand
   709 | D:3      | Reached skill level 1 in Axes
   709 | D:3      | Reached XP level 4. HP: 34/34 MP: 4/7
   784 | D:4      | Reached skill level 1 in Throwing
   802 | D:4      | Found a glowing drain.
   821 | D:4      | Reached skill level 1 in Fighting
   823 | Sewer    | Entered a sewer
   873 | Sewer    | Noticed a kobold brigand
   883 | Sewer    | Gained mutation: You are dopey. (Int -2) [potion of
                  | mutation]
   883 | Sewer    | Gained mutation: You expend magic power (3 MP) to
                  | strengthen your wands. [potion of mutation]
   883 | Sewer    | Gained mutation: You are very dopey. (Int -4) [potion of
                  | mutation]
   888 | Sewer    | HP: 1/35 [kobold brigand/+0 dagger (1)]
   889 | Sewer    | Succumbed to an adder's poison

Illustrated notes

Levels and vault maps discovered:
D:1:      saegor_arrival_under_anarchy, layout_basic, minmay_ruptured
D:2:      layout_basic
D:3:      cheibrodos_thug_alley, layout_basic, fedhas_altar_fruit_tree,
          general_overflow_altar, mainiacjoe_overflow_divided_tiny,
          hellmonk_ecumenical_altar_zigzags, lexackson_kobold_supper
D:4:      layout_cave_pods, gup_sewer_entry_pipe,
          serial_library_hellmonk_room_a, minmay_increasing_density
Sewer:    sewer_co_scattered_pipes

Skill      XL: |  1  2  3  4 |
---------------+-------------+-----
Dodging        | 2 |  2.3
Stealth        | 2 |  2.2
Axes           | 1 |  1.0
Throwing       | 1 |  1.1
Fighting       | 1 |  1.0
Spellcasting   | |  2.4
Conjurations   | |  1.5
Air Magic      | |  0.8
Alchemy        | |  3.7

Action                     |  1- 3 |  4- 6 || total
---------------------------+-------+-------++-------
  Melee: Unarmed           |     4 |       ||     4
         Tailslap          |     2 |     2 ||     4
         Hand axe          |     4 |    39 ||    43
  Throw: Boomerang         |    28 |       ||    28
   Cast: Sting             |    17 |     1 ||    18
         Mercury Vapours   |     3 |     6 ||     9
         Mephitic Cloud    |     1 |       ||     1
    Use: Potion            |     1 |     5 ||     6
         Scroll            |     3 |       ||     3
   Stab: Sleeping          |     1 |       ||     1
 Armour: Skin              |    12 |    41 ||    53
  Dodge: Dodged            |    20 |    34 ||    54
